cohdb
Replays
Latest Replays
All Replays
Popular Replays
Top Player Replays
Match Explorer
How It Works
Community
CoH3 Stats
Reddit
Sign in to upload your games and track your stats! →
Sign in with Steam
Match 44582939
Unlisted
Match 44582939
Overview
Messages
Build Orders
End
Panzergrenadier Squad
250 Light Carrier
Panzergrenadier Squad
Construct Light Support Kompanie
2.5-tonne Medical Truck
MG34 Team
Selects Panzerjäger Kommand Battlegroup
Selects GrB 39 Grenade Launcher Requisition
Combat Half-tracks
Fire Support Elements
le.IG 18 Mechanized Group
Veteran Squad Leaders
Construct Panzerarmee Kommand
Selects Mine Fields
Panzer III L Medium Tank
Vehicle Survival Package
GodlySn4ke
낭만개미
Jeremy
JT
[EPIC]SAGEKING
Trueno
wnsgud8801
kdb5246
0
0
Comments
sign in to comment!
No comments posted yet!